 Dungeon Crawl Stone Soup version 0.28-a0-1382-g92835e5c71 (webtiles) character file.

Game seed: 1694313577134413787

5523 fragbeetle the Poker (level 10, -11/98 HPs)
             Began as a Troll Berserker on Jan 1, 2022.
             Was an Elder of Trog.
             Mangled by Grum (14 damage)
             ... on level 8 of the Dungeon.
             The game lasted 00:27:41 (7463 turns).

fragbeetle the Poker (Troll Berserker)              Turns: 7463, Time: 00:27:42

Health: -11/98     AC: 11    Str: 33    XL:     10   Next: 43%
Magic:  3/3        EV: 11    Int:  7    God:    Trog [****..]
Gold:   139        SH:  0    Dex: 11    Spells: 9/9 levels left

rFire   + . .      SeeInvis .   r - +9 spear of Butchery {antimagic, rF+ Int+2}
rCold   . . .      Faith    .   (no shield)
rNeg    . . .      Spirit   .   H - +2 swamp dragon scales
rPois   +          Reflect  .   (helmet restricted)
rElec   .          Harm     .   (no cloak)
rCorr   .          Rampage  .   (gloves unavailable)
Will    .....                   (boots unavailable)
Stlth   +.........              (no amulet)
HPRegen 1.06/turn               q - ring of flight
MPRegen 0.08/turn               f - +6 ring of strength

@: on berserk cooldown, flying, slowed, very slow
A: large, unfitting armour, claws 3, regeneration 1, shaggy fur 1, tough skin 1
a: Renounce Religion, Berserk, Trog's Hand, Brothers in Arms


You were on level 8 of the Dungeon.
You worshipped Trog.
Trog was greatly pleased with you.
You visited 2 branches of the dungeon, and saw 10 of its levels.

You collected 359 gold pieces.
You spent 220 gold pieces at shops.

Inventory:

Hand Weapons
 r - the +9 spear of Butchery (weapon) {antimagic, rF+ Int+2}
   (You found it on level 3 of the Dungeon)

   It reduces the magical energy of the wielder, and disrupts the spells and
   magical abilities of those it strikes.
   Natural abilities and divine invocations are not affected.
   Int:       It affects your intelligence (+2).
   rF:        It protects you from fire.
 u - a +0 giant spiked club
 G - a +2 broad axe of flaming
Missiles
 h - 196 stones
 i - 10 boomerangs (quivered)
 n - 49 sling bullets
 p - 21 poisoned darts
 B - a curare-tipped dart
Armour
 e - +0 acid dragon scales
 j - +0 steam dragon scales
 H - +2 swamp dragon scales (worn)
Jewellery
 f - a +6 ring of strength (right claw)
 q - a ring of flight (left claw)
 x - a ring of protection from cold
Scrolls
 b - 3 scrolls of teleportation
 d - 3 scrolls of silence
 k - 2 scrolls of enchant armour
 l - 2 scrolls of fog
 m - 2 scrolls of magic mapping
 v - 2 scrolls of torment {unknown}
 w - a scroll of acquirement {unknown}
 y - a scroll of enchant weapon {unknown}
 z - 2 scrolls of vulnerability {unknown}
 C - 2 scrolls of fear {unknown}
 E - a scroll of blinking
 F - a scroll of immolation
Potions
 a - a potion of curing {unknown}
 c - 2 potions of haste
 g - a potion of cancellation {unknown}
 o - a potion of flight {unknown}
 s - 4 potions of heal wounds
 t - a potion of lignification {unknown}
 A - 3 potions of magic
 D - 3 potions of attraction {unknown}


   Skills:
 + Level 6.0 Fighting
 + Level 6.6 Maces & Flails
 * Level 7.2 Polearms
 + Level 5.6 Throwing
 + Level 6.0 Dodging


You had 9 spell levels left.
You didn't know any spells.
Your spell library was empty.

Dungeon Overview and Level Annotations

Branches:
Dungeon (9/15)             Temple (1/1) D:7
   Lair: D:8-11         Orc: D:9-12

Altars:
Cheibriados
Dithmenos
Okawaru
Qazlal
Vehumet
Wu Jian
Zin

Shops:
D:1 ?   D:2 [

Annotations:
D:4 1 runed translucent door, Crazy Yiuf
D:8 Grum, Pikel
D:9 Harold


Innate Abilities, Weirdness & Mutations

You are too large for most types of armour.
You have claws for hands.
Your natural rate of healing is unusually fast.
You are covered in fur. (AC +1)
You have tough skin. (AC +1)


Message History

Grum hits you with a +0 glaive!
You impale the wolf!!
You kill the wolf!
Trog accepts your kill. The wolf barely misses you.
The wolf bites you but does no damage. Grum completely misses you.
You see here a wolf corpse.
You puncture the wolf!
The wolf is moderately wounded.
The wolf bites you but does no damage.
You puncture the wolf!
You kill the wolf!
Trog accepts your kill. Grum hits you but does no damage.
Your Dodging skill increases to level 6!
Grum hits you from afar with a +0 glaive!!
You see here a wolf corpse.
You feel a strong urge to attack something.
You are no longer berserk.
You are exhausted.
You feel yourself slow down.
You see here a wolf corpse.
You hit Grum.
Grum is lightly wounded.
Grum hits you with a +0 glaive!
You puncture Grum!
Grum is moderately wounded.
Grum closely misses you.
You puncture Grum!
Grum is heavily wounded.
Grum misses you. Grum hits you with a +0 glaive!
* * * LOW HITPOINT WARNING * * *
You hit Grum.
Grum is severely wounded.
Grum hits you with a +0 glaive!!
* * * LOW HITPOINT WARNING * * *
You puncture Grum!
Grum is severely wounded.
Grum hits you with a +0 glaive!
You die...

#.#### ... #.##.##
####'####### ......#
#.....#....# ......#
#.....#....# ......#
#.....'....# .
################...##....'..
. ...............##'##
....#.. .
...............#g..##....# .
...............'@........# .
...............#†........# .
...............######....# .
÷.÷.................#....# .
#÷#####.............'....# .
......#.............#.... .
....>.#.............# .
......#............:... .
......#........#'###..... .


You could see Grum.

Vanquished Creatures
  A two-headed ogre (D:8)
  Maggie (D:8)
  Sigmund (D:5)
  2 steam dragons (D:6)
  4 yaks (D:8)
  4 vampire mosquitoes
  An acid dragon (D:7)
  2 water moccasins
  Duvessa (D:4)
  2 orc warriors
  2 ice beasts
  3 black bears
  A centaur (D:8)
  4 wolves
  2 lemures (D:7)
  Blork the orc (D:4)
  A kobold brigand (D:8)
  2 bullfrogs
  A gnoll sergeant (D:9)
  A scorpion (D:5)
  A water moccasin zombie (D:6)
  Dowan (D:4)
  2 killer bees (D:8)
  4 wights
  A centaur zombie (D:7)
  A bullfrog zombie (D:5)
  3 hounds
  3 orc priests
  A gnoll shaman (D:6)
  A jelly (D:7)
  2 bullfrog skeletons
  4 orc wizards
  4 iguanas
  Natasha (thrice) (D:3)
  A hound skeleton (D:5)
  13 gnolls
  2 howler monkey skeletons (D:7)
  7 adders
  2 ufetubi
  2 worms
  26 orcs
  5 endoplasms
  3 giant cockroaches (D:1)
  3 goblins
  4 hobgoblins
  10 jackals
  12 kobolds
  3 quokkas
  10 ball pythons
  8 bats
  4 frilled lizards
  10 rats
193 creatures vanquished.

Vanquished Creatures (others)
  An orc (D:6)
1 creature vanquished.

Grand Total: 194 creatures vanquished

Notes
Turn   | Place    | Note
-------+----------+-------------------------------------------
     0 | D:1      | fragbeetle the Troll Berserker began the quest for the Orb.
     0 | D:1      | Reached XP level 1. HP: 22/22 MP: 0/0
   138 | D:1      | Reached XP level 2. HP: 29/29 MP: 1/1
   161 | D:1      | Found Waucef's Magic Scroll Shoppe.
   172 | D:1      | Bought a scroll of identify for 20 gold pieces
   302 | D:1      | Found a faded altar of an unknown god.
   595 | D:1      | Bought a scroll of magic mapping for 35 gold pieces
   698 | D:1      | Reached XP level 3. HP: 34/36 MP: 2/2
   776 | D:2      | Reached ** piety under Trog
   805 | D:2      | Found an iron altar of Okawaru.
  1082 | D:2      | Found Tuycat's Antique Armour Shop.
  1427 | D:3      | Reached XP level 4. HP: 45/45 MP: 3/3
  1497 | D:3      | Reached skill level 1 in Throwing
  1703 | D:3      | Noticed Natasha
  1708 | D:3      | Killed Natasha
  1751 | D:3      | Identified the +9 spear of Butchery {antimagic, rF+ Int+2}
  1812 | D:3      | Noticed Natasha
  1819 | D:3      | Killed Natasha
  1820 | D:3      | Reached XP level 5. HP: 53/53 MP: 1/4
  1820 | D:3      | Noticed Natasha
  1831 | D:3      | Killed Natasha
  1932 | D:3      | Reached skill level 1 in Polearms
  2002 | D:3      | Reached *** piety under Trog
  2018 | D:3      | Found an ornate altar of the Wu Jian Council.
  2561 | D:4      | Noticed Duvessa
  2591 | D:4      | Killed Duvessa
  2592 | D:4      | Reached XP level 6. HP: 61/61 MP: 1/5
  2606 | D:4      | Noticed Dowan
  2616 | D:4      | Killed Dowan
  2617 | D:4      | Reached skill level 2 in Polearms
  2903 | D:4      | Found a shadowy altar of Dithmenos.
  2937 | D:4      | Noticed Blork the orc
  2943 | D:4      | Killed Blork the orc
  3117 | D:4      | Found a runed translucent door.
  3118 | D:4      | Noticed Crazy Yiuf
  3192 | D:4      | Reached XP level 7. HP: 66/68 MP: 2/6
  3451 | D:5      | Entered Level 5 of the Dungeon
  3627 | D:5      | Reached skill level 3 in Polearms
  3765 | D:5      | Noticed Sigmund
  3787 | D:5      | Killed Sigmund
  3788 | D:5      | Reached XP level 8. HP: 66/78 MP: 2/7
  4361 | D:1      | Bought a scroll of blinking for 75 gold pieces
  4361 | D:1      | Bought a scroll of immolation for 35 gold pieces
  4361 | D:1      | Bought a scroll of fog for 20 gold pieces
  4361 | D:1      | Bought a scroll of amnesia for 35 gold pieces
  4586 | D:6      | Reached skill level 4 in Polearms
  4702 | D:6      | Reached skill level 5 in Maces & Flails
  4744 | D:6      | Reached **** piety under Trog
  5177 | D:6      | Reached skill level 5 in Polearms
  5270 | D:6      | Reached XP level 9. HP: 72/87 MP: 2/8
  5505 | D:7      | Found a staircase to the Ecumenical Temple.
  5514 | Temple   | Entered the Ecumenical Temple
  5564 | D:7      | Reached skill level 5 in Fighting
  5764 | D:7      | Reached skill level 5 in Dodging
  6243 | D:8      | Noticed Grum
  6415 | D:8      | Reached skill level 6 in Polearms
  6497 | D:8      | Noticed Pikel
  6785 | D:7      | Reached skill level 5 in Throwing
  6881 | D:8      | Noticed Maggie
  6904 | D:8      | Killed Maggie
  6905 | D:8      | Reached XP level 10. HP: 74/98 MP: 3/9
  7237 | D:9      | Noticed Harold
  7370 | D:8      | Noticed a two-headed ogre
  7401 | D:8      | Killed a two-headed ogre
  7402 | D:8      | Reached skill level 7 in Polearms
  7462 | D:8      | HP: 2/98 [Grum (23)]
  7463 | D:8      | Mangled by Grum

Illustrated notes

Levels and vault maps discovered:
D:1:      shiori_arrival_maze, layout_basic, serial_shops,
          nicolae_lakefront_shop, ebering_ecumenical_altar_sacrificial,
          minmay_octomino_e4
D:2:      layout_loops_ring, basic_altar, serial_shops, shop,
          minmay_tree_intersection, minivault_24, minmay_liquid_box
D:3:      minmay_diamond_boxcup, layout_basic, nicolae_wu_jian_wuxing_cycle,
          uniq_natasha
D:4:      layout_loops_corners, overflow_temple_1_default,
          uniq_crazy_yiuf_cottage, uniq_duvessa, uniq_blork_the_orc
D:5:      layout_basic, uniq_sigmund
D:6:      layout_basic, grunt_ministairs_4, minivault_24, chequers_arboretum
D:7:      layout_basic, minmay_temple_entry_junction
D:8:      layout_gridville, nzn_hepliaklqana_mist_gate, grunt_ministairs_10,
          uniq_pikel, uniq_maggie, uniq_grum
D:9:      layout_cave_pools, uniq_harold
Temple:   compressed_dpeg_circular_temple

Skill      XL: |  1  2  3  4  5  6  7  8  9 10 |
---------------+-------------------------------+-----
Maces & Flails | 3 4 5 6 |  6.6
Fighting       | 3 4 5 6 |  6.0
Dodging        | 3 4 5 6 |  6.0
Throwing       | 1 2 3 4 5 |  5.6
Polearms       | 1 2 3 5 6 7 |  7.2

Action                   |  1- 3 |  4- 6 |  7- 9 | 10-12 || total
-------------------------+-------+-------+-------+-------++-------
Melee: Mace              |   144 |    36 |       |       ||   180
       Spear             |       |    95 |   317 |    67 ||   479
 Fire: Hunting sling     |    10 |     3 |       |       ||    13
Throw: Boomerang         |     4 |       |    14 |     3 ||    21
       Dart              |       |     2 |       |     1 ||     3
Invok: Berserk           |     2 |     4 |     5 |     3 ||    14
       Trog's Hand       |       |       |     1 |       ||     1
  Use: Scroll            |       |       |     7 |     3 ||    10
 Stab: Sleeping          |     1 |       |       |       ||     1
Armor: Animal skin       |    66 |    56 |    26 |       ||   148
       Steam dragon scal |       |       |    35 |       ||    35
       Acid dragon scale |       |       |    49 |       ||    49
       Swamp dragon scal |       |       |       |    33 ||    33
Dodge: Dodged            |   111 |    72 |   154 |    40 ||   377

Table legend: (Time is in decaauts)
 A = Elapsed time spent in this place.
 B = Non-inter-level travel time spent in this place.
 C = Inter-level travel time spent in this place.
 D = Time resting spent in this place.
 E = Time spent auto-exploring this place.
 F = Levels seen in this place.
 G = Mean time per level.
                   A        B        C        D        E       F      G
               +--------+--------+--------+--------+--------+-----+--------+
         Total |   7604 |   7115 |    489 |    546 |   3099 |  10 |  760.4 |
       Dungeon |   7591 |   7102 |    489 |    546 |   3099 |   9 |  843.4 |
        Temple |     13 |     13 |      0 |      0 |      0 |   1 |   13.0 |
               +--------+--------+--------+--------+--------+-----+--------+

Top non-repeatable levels by time:
     D:7: 1075 daAuts
     D:4: 1071 daAuts
     D:3: 1070 daAuts
     D:6: 925 daAuts
     D:1: 878 daAuts
     D:5: 876 daAuts
     D:8: 778 daAuts
     D:2: 719 daAuts
     D:9: 195 daAuts
  Temple: 13 daAuts
